%YAML 1.1
%TAG !u! tag:unity3d.com,2011:
--- !u!1 &3586414534730106817
GameObject:
  m_ObjectHideFlags: 0
  m_CorrespondingSourceObject: {fileID: 0}
  m_PrefabInstance: {fileID: 0}
  m_PrefabAsset: {fileID: 0}
  serializedVersion: 6
  m_Component:
  - component: {fileID: 1415852093626520655}
  m_Layer: 8
  m_Name: Stats
  m_TagString: Untagged
  m_Icon: {fileID: 0}
  m_NavMeshLayer: 0
  m_StaticEditorFlags: 0
  m_IsActive: 1
--- !u!4 &1415852093626520655
Transform:
  m_ObjectHideFlags: 0
  m_CorrespondingSourceObject: {fileID: 0}
  m_PrefabInstance: {fileID: 0}
  m_PrefabAsset: {fileID: 0}
  m_GameObject: {fileID: 3586414534730106817}
  m_LocalRotation: {x: 0, y: 0, z: 0, w: 1}
  m_LocalPosition: {x: 0, y: 0, z: 0}
  m_LocalScale: {x: 1, y: 1, z: 1}
  m_Children:
  - {fileID: 7188066325405481503}
  m_Father: {fileID: 8131668109696614978}
  m_RootOrder: 3
  m_LocalEulerAnglesHint: {x: 0, y: 0, z: 0}
--- !u!1 &4610980741846812171
GameObject:
  m_ObjectHideFlags: 0
  m_CorrespondingSourceObject: {fileID: 0}
  m_PrefabInstance: {fileID: 0}
  m_PrefabAsset: {fileID: 0}
  serializedVersion: 6
  m_Component:
  - component: {fileID: 7972598848529882317}
  - component: {fileID: 3717819612643670932}
  m_Layer: 8
  m_Name: Actions
  m_TagString: Untagged
  m_Icon: {fileID: 0}
  m_NavMeshLayer: 0
  m_StaticEditorFlags: 0
  m_IsActive: 1
--- !u!4 &7972598848529882317
Transform:
  m_ObjectHideFlags: 0
  m_CorrespondingSourceObject: {fileID: 0}
  m_PrefabInstance: {fileID: 0}
  m_PrefabAsset: {fileID: 0}
  m_GameObject: {fileID: 4610980741846812171}
  m_LocalRotation: {x: 0, y: 0, z: 0, w: 1}
  m_LocalPosition: {x: 0, y: 0, z: 0}
  m_LocalScale: {x: 1, y: 1, z: 1}
  m_Children:
  - {fileID: 8405310872375175942}
  - {fileID: 7673014754388641013}
  - {fileID: 9097067485472870360}
  m_Father: {fileID: 8131668109696614978}
  m_RootOrder: 4
  m_LocalEulerAnglesHint: {x: 0, y: 0, z: 0}
--- !u!114 &3717819612643670932
MonoBehaviour:
  m_ObjectHideFlags: 0
  m_CorrespondingSourceObject: {fileID: 0}
  m_PrefabInstance: {fileID: 0}
  m_PrefabAsset: {fileID: 0}
  m_GameObject: {fileID: 4610980741846812171}
  m_Enabled: 1
  m_EditorHideFlags: 0
  m_Script: {fileID: 11500000, guid: 60965641e9a1a1e4fa3c230af51b349f, type: 3}
  m_Name: 
  m_EditorClassIdentifier: 
--- !u!1 &7305726793501073203
GameObject:
  m_ObjectHideFlags: 0
  m_CorrespondingSourceObject: {fileID: 0}
  m_PrefabInstance: {fileID: 0}
  m_PrefabAsset: {fileID: 0}
  serializedVersion: 6
  m_Component:
  - component: {fileID: 6498148448649227747}
  m_Layer: 8
  m_Name: SelectedMarks
  m_TagString: Untagged
  m_Icon: {fileID: 0}
  m_NavMeshLayer: 0
  m_StaticEditorFlags: 0
  m_IsActive: 0
--- !u!4 &6498148448649227747
Transform:
  m_ObjectHideFlags: 0
  m_CorrespondingSourceObject: {fileID: 0}
  m_PrefabInstance: {fileID: 0}
  m_PrefabAsset: {fileID: 0}
  m_GameObject: {fileID: 7305726793501073203}
  m_LocalRotation: {x: 0, y: 0, z: 0, w: 1}
  m_LocalPosition: {x: 0, y: 0, z: 0}
  m_LocalScale: {x: 1, y: 1, z: 1}
  m_Children:
  - {fileID: 8782119207676560066}
  m_Father: {fileID: 8131668109696614978}
  m_RootOrder: 1
  m_LocalEulerAnglesHint: {x: 0, y: 0, z: 0}
--- !u!1 &7380918666373913670
GameObject:
  m_ObjectHideFlags: 0
  m_CorrespondingSourceObject: {fileID: 0}
  m_PrefabInstance: {fileID: 0}
  m_PrefabAsset: {fileID: 0}
  serializedVersion: 6
  m_Component:
  - component: {fileID: 8782119207676560066}
  - component: {fileID: 5241015140027806371}
  m_Layer: 8
  m_Name: SelectionCircle
  m_TagString: Untagged
  m_Icon: {fileID: 0}
  m_NavMeshLayer: 0
  m_StaticEditorFlags: 0
  m_IsActive: 1
--- !u!4 &8782119207676560066
Transform:
  m_ObjectHideFlags: 0
  m_CorrespondingSourceObject: {fileID: 0}
  m_PrefabInstance: {fileID: 0}
  m_PrefabAsset: {fileID: 0}
  m_GameObject: {fileID: 7380918666373913670}
  m_LocalRotation: {x: 0.7071068, y: 0, z: 0, w: 0.7071068}
  m_LocalPosition: {x: 0, y: 1, z: 0}
  m_LocalScale: {x: 1, y: 1, z: 1}
  m_Children: []
  m_Father: {fileID: 6498148448649227747}
  m_RootOrder: 0
  m_LocalEulerAnglesHint: {x: 90, y: 0, z: 0}
--- !u!119 &5241015140027806371
Projector:
  m_ObjectHideFlags: 0
  m_CorrespondingSourceObject: {fileID: 0}
  m_PrefabInstance: {fileID: 0}
  m_PrefabAsset: {fileID: 0}
  m_GameObject: {fileID: 7380918666373913670}
  m_Enabled: 1
  serializedVersion: 2
  m_NearClipPlane: 0.01
  m_FarClipPlane: 15
  m_FieldOfView: 90
  m_AspectRatio: 1
  m_Orthographic: 0
  m_OrthographicSize: 1
  m_Material: {fileID: 2100000, guid: 0eba8a9160e330e4bb32540ce2bd8f9a, type: 2}
  m_IgnoreLayers:
    serializedVersion: 2
    m_Bits: 3383
--- !u!1 &8131668109696615005
GameObject:
  m_ObjectHideFlags: 0
  m_CorrespondingSourceObject: {fileID: 0}
  m_PrefabInstance: {fileID: 0}
  m_PrefabAsset: {fileID: 0}
  serializedVersion: 6
  m_Component:
  - component: {fileID: 8131668109696614978}
  - component: {fileID: 8131668109696614979}
  - component: {fileID: 5509473038023791555}
  - component: {fileID: 1959077883}
  - component: {fileID: 4780373105106561257}
  - component: {fileID: 8131668109696615004}
  - component: {fileID: 8780356402810316517}
  m_Layer: 8
  m_Name: Footman
  m_TagString: Unit
  m_Icon: {fileID: 0}
  m_NavMeshLayer: 0
  m_StaticEditorFlags: 0
  m_IsActive: 1
--- !u!4 &8131668109696614978
Transform:
  m_ObjectHideFlags: 0
  m_CorrespondingSourceObject: {fileID: 0}
  m_PrefabInstance: {fileID: 0}
  m_PrefabAsset: {fileID: 0}
  m_GameObject: {fileID: 8131668109696615005}
  m_LocalRotation: {x: 0, y: 0.7071068, z: 0, w: 0.7071068}
  m_LocalPosition: {x: 12.88, y: 0, z: 18.84}
  m_LocalScale: {x: 1, y: 1, z: 1}
  m_Children:
  - {fileID: 8540745001012615238}
  - {fileID: 6498148448649227747}
  - {fileID: 446165185317202680}
  - {fileID: 1415852093626520655}
  - {fileID: 7972598848529882317}
  m_Father: {fileID: 0}
  m_RootOrder: 0
  m_LocalEulerAnglesHint: {x: 0, y: 90, z: 0}
--- !u!195 &8131668109696614979
NavMeshAgent:
  m_ObjectHideFlags: 0
  m_CorrespondingSourceObject: {fileID: 0}
  m_PrefabInstance: {fileID: 0}
  m_PrefabAsset: {fileID: 0}
  m_GameObject: {fileID: 8131668109696615005}
  m_Enabled: 1
  m_AgentTypeID: 0
  m_Radius: 0.5
  m_Speed: 8
  m_Acceleration: 15
  avoidancePriority: 50
  m_AngularSpeed: 180
  m_StoppingDistance: 0.5
  m_AutoTraverseOffMeshLink: 1
  m_AutoBraking: 1
  m_AutoRepath: 1
  m_Height: 2
  m_BaseOffset: 0
  m_WalkableMask: 3
  m_ObstacleAvoidanceType: 4
--- !u!54 &5509473038023791555
Rigidbody:
  m_ObjectHideFlags: 0
  m_CorrespondingSourceObject: {fileID: 0}
  m_PrefabInstance: {fileID: 0}
  m_PrefabAsset: {fileID: 0}
  m_GameObject: {fileID: 8131668109696615005}
  serializedVersion: 2
  m_Mass: 1
  m_Drag: 0
  m_AngularDrag: 0.05
  m_UseGravity: 0
  m_IsKinematic: 1
  m_Interpolate: 0
  m_Constraints: 0
  m_CollisionDetection: 0
--- !u!136 &1959077883
CapsuleCollider:
  m_ObjectHideFlags: 0
  m_CorrespondingSourceObject: {fileID: 0}
  m_PrefabInstance: {fileID: 0}
  m_PrefabAsset: {fileID: 0}
  m_GameObject: {fileID: 8131668109696615005}
  m_Material: {fileID: 0}
  m_IsTrigger: 1
  m_Enabled: 1
  m_Radius: 0.6
  m_Height: 3
  m_Direction: 1
  m_Center: {x: 0.000000059604645, y: 1.1, z: -0.00000008940697}
--- !u!82 &4780373105106561257
AudioSource:
  m_ObjectHideFlags: 0
  m_CorrespondingSourceObject: {fileID: 0}
  m_PrefabInstance: {fileID: 0}
  m_PrefabAsset: {fileID: 0}
  m_GameObject: {fileID: 8131668109696615005}
  m_Enabled: 1
  serializedVersion: 4
  OutputAudioMixerGroup: {fileID: 0}
  m_audioClip: {fileID: 0}
  m_PlayOnAwake: 0
  m_Volume: 1
  m_Pitch: 1
  Loop: 0
  Mute: 0
  Spatialize: 0
  SpatializePostEffects: 0
  Priority: 128
  DopplerLevel: 1
  MinDistance: 1
  MaxDistance: 500
  Pan2D: 0
  rolloffMode: 0
  BypassEffects: 0
  BypassListenerEffects: 0
  BypassReverbZones: 0
  rolloffCustomCurve:
    serializedVersion: 2
    m_Curve:
    - serializedVersion: 3
      time: 0
      value: 1
      inSlope: 0
      outSlope: 0
      tangentMode: 0
      weightedMode: 0
      inWeight: 0.33333334
      outWeight: 0.33333334
    - serializedVersion: 3
      time: 1
      value: 0
      inSlope: 0
      outSlope: 0
      tangentMode: 0
      weightedMode: 0
      inWeight: 0.33333334
      outWeight: 0.33333334
    m_PreInfinity: 2
    m_PostInfinity: 2
    m_RotationOrder: 4
  panLevelCustomCurve:
    serializedVersion: 2
    m_Curve:
    - serializedVersion: 3
      time: 0
      value: 0
      inSlope: 0
      outSlope: 0
      tangentMode: 0
      weightedMode: 0
      inWeight: 0.33333334
      outWeight: 0.33333334
    m_PreInfinity: 2
    m_PostInfinity: 2
    m_RotationOrder: 4
  spreadCustomCurve:
    serializedVersion: 2
    m_Curve:
    - serializedVersion: 3
      time: 0
      value: 0
      inSlope: 0
      outSlope: 0
      tangentMode: 0
      weightedMode: 0
      inWeight: 0.33333334
      outWeight: 0.33333334
    m_PreInfinity: 2
    m_PostInfinity: 2
    m_RotationOrder: 4
  reverbZoneMixCustomCurve:
    serializedVersion: 2
    m_Curve:
    - serializedVersion: 3
      time: 0
      value: 1
      inSlope: 0
      outSlope: 0
      tangentMode: 0
      weightedMode: 0
      inWeight: 0.33333334
      outWeight: 0.33333334
    m_PreInfinity: 2
    m_PostInfinity: 2
    m_RotationOrder: 4
--- !u!114 &8131668109696615004
MonoBehaviour:
  m_ObjectHideFlags: 0
  m_CorrespondingSourceObject: {fileID: 0}
  m_PrefabInstance: {fileID: 0}
  m_PrefabAsset: {fileID: 0}
  m_GameObject: {fileID: 8131668109696615005}
  m_Enabled: 1
  m_EditorHideFlags: 0
  m_Script: {fileID: 11500000, guid: d444797d99b63a0438dd4a262009cd30, type: 3}
  m_Name: 
  m_EditorClassIdentifier: 
  objectName: Footman
  image: {fileID: 21300000, guid: e1643dbf9d4fcd3409ce8041860b3ed3, type: 3}
  ObjectId: 0
  selectedMarks: {fileID: 7305726793501073203}
  fogOfWar: {fileID: 8780356402810316517}
  partToHideInFog:
  - {fileID: 8540745001012443406}
  - {fileID: 8540745001012449382}
  - {fileID: 8540745001012394332}
  - {fileID: 8540745001012412092}
  actionName: 14
  hitPoints: 0
  manaPoints: 0
  objectStats: {fileID: 6733820991999279901}
  deathTiming: 2
  behaviour: 0
  actions:
  - {fileID: 0}
  - {fileID: 0}
  - {fileID: 0}
  agent: {fileID: 8131668109696614979}
  animator: {fileID: 8540745001005075750}
  miniMap: {fileID: 1880804368077207329}
  partsToColor:
  - {fileID: 8540745001009290834}
  - {fileID: 8540745001014453442}
  sounds: {fileID: 11400000, guid: 4ea6bcb601a8c944790cb7005266b895, type: 2}
  player: {fileID: 0}
  uiNumber: 8
  moveSpeed: 5
  actionAvoidancePriorityMax: 0
--- !u!114 &8780356402810316517
MonoBehaviour:
  m_ObjectHideFlags: 0
  m_CorrespondingSourceObject: {fileID: 0}
  m_PrefabInstance: {fileID: 0}
  m_PrefabAsset: {fileID: 0}
  m_GameObject: {fileID: 8131668109696615005}
  m_Enabled: 1
  m_EditorHideFlags: 0
  m_Script: {fileID: 11500000, guid: 0b130f358dcb26548b2ff0923d496dc6, type: 3}
  m_Name: 
  m_EditorClassIdentifier: 
  team: 0
  brightness: 1
  shapeType: 0
  absoluteOffset: 0
  offset: {x: 0, y: 0}
  boxSize: {x: 5, y: 5}
  circleRadius: 20
  innerRadius: 1
  angle: 180
  texture: {fileID: 0}
  rotateToForward: 0
  lineOfSightMask:
    serializedVersion: 2
    m_Bits: 0
  lineOfSightRaycastCount: 100
  lineOfSightPenetration: 0
  multithreading: 0
  cellBased: 0
  snapToPixelCenter: 0
--- !u!1001 &244263399436743744
PrefabInstance:
  m_ObjectHideFlags: 0
  serializedVersion: 2
  m_Modification:
    m_TransformParent: {fileID: 7972598848529882317}
    m_Modifications:
    - target: {fileID: 2050542747604232854, guid: 5dcb7a8782c66bb49b6462b7fb43d0d9,
        type: 3}
      propertyPath: m_Name
      value: MoveAction
      objectReference: {fileID: 0}
    - target: {fileID: 8630697817463643974, guid: 5dcb7a8782c66bb49b6462b7fb43d0d9,
        type: 3}
      propertyPath: m_LocalPosition.x
      value: 0
      objectReference: {fileID: 0}
    - target: {fileID: 8630697817463643974, guid: 5dcb7a8782c66bb49b6462b7fb43d0d9,
        type: 3}
      propertyPath: m_LocalPosition.y
      value: 0
      objectReference: {fileID: 0}
    - target: {fileID: 8630697817463643974, guid: 5dcb7a8782c66bb49b6462b7fb43d0d9,
        type: 3}
      propertyPath: m_LocalPosition.z
      value: 0
      objectReference: {fileID: 0}
    - target: {fileID: 8630697817463643974, guid: 5dcb7a8782c66bb49b6462b7fb43d0d9,
        type: 3}
      propertyPath: m_LocalRotation.x
      value: 0
      objectReference: {fileID: 0}
    - target: {fileID: 8630697817463643974, guid: 5dcb7a8782c66bb49b6462b7fb43d0d9,
        type: 3}
      propertyPath: m_LocalRotation.y
      value: 0
      objectReference: {fileID: 0}
    - target: {fileID: 8630697817463643974, guid: 5dcb7a8782c66bb49b6462b7fb43d0d9,
        type: 3}
      propertyPath: m_LocalRotation.z
      value: 0
      objectReference: {fileID: 0}
    - target: {fileID: 8630697817463643974, guid: 5dcb7a8782c66bb49b6462b7fb43d0d9,
        type: 3}
      propertyPath: m_LocalRotation.w
      value: 1
      objectReference: {fileID: 0}
    - target: {fileID: 8630697817463643974, guid: 5dcb7a8782c66bb49b6462b7fb43d0d9,
        type: 3}
      propertyPath: m_RootOrder
      value: 0
      objectReference: {fileID: 0}
    - target: {fileID: 8630697817463643974, guid: 5dcb7a8782c66bb49b6462b7fb43d0d9,
        type: 3}
      propertyPath: m_LocalEulerAnglesHint.x
      value: 0
      objectReference: {fileID: 0}
    - target: {fileID: 8630697817463643974, guid: 5dcb7a8782c66bb49b6462b7fb43d0d9,
        type: 3}
      propertyPath: m_LocalEulerAnglesHint.y
      value: 0
      objectReference: {fileID: 0}
    - target: {fileID: 8630697817463643974, guid: 5dcb7a8782c66bb49b6462b7fb43d0d9,
        type: 3}
      propertyPath: m_LocalEulerAnglesHint.z
      value: 0
      objectReference: {fileID: 0}
    m_RemovedComponents: []
  m_SourcePrefab: {fileID: 100100000, guid: 5dcb7a8782c66bb49b6462b7fb43d0d9, type: 3}
--- !u!4 &8405310872375175942 stripped
Transform:
  m_CorrespondingSourceObject: {fileID: 8630697817463643974, guid: 5dcb7a8782c66bb49b6462b7fb43d0d9,
    type: 3}
  m_PrefabInstance: {fileID: 244263399436743744}
  m_PrefabAsset: {fileID: 0}
--- !u!1001 &1193648949778880647
PrefabInstance:
  m_ObjectHideFlags: 0
  serializedVersion: 2
  m_Modification:
    m_TransformParent: {fileID: 7972598848529882317}
    m_Modifications:
    - target: {fileID: 7122981227439516848, guid: 1c82794f8c360ec47b46ee1b06cf13c0,
        type: 3}
      propertyPath: m_Name
      value: Aggressive
      objectReference: {fileID: 0}
    - target: {fileID: 7975865917542979423, guid: 1c82794f8c360ec47b46ee1b06cf13c0,
        type: 3}
      propertyPath: m_LocalPosition.x
      value: 0
      objectReference: {fileID: 0}
    - target: {fileID: 7975865917542979423, guid: 1c82794f8c360ec47b46ee1b06cf13c0,
        type: 3}
      propertyPath: m_LocalPosition.y
      value: 0
      objectReference: {fileID: 0}
    - target: {fileID: 7975865917542979423, guid: 1c82794f8c360ec47b46ee1b06cf13c0,
        type: 3}
      propertyPath: m_LocalPosition.z
      value: 0
      objectReference: {fileID: 0}
    - target: {fileID: 7975865917542979423, guid: 1c82794f8c360ec47b46ee1b06cf13c0,
        type: 3}
      propertyPath: m_LocalRotation.x
      value: 0
      objectReference: {fileID: 0}
    - target: {fileID: 7975865917542979423, guid: 1c82794f8c360ec47b46ee1b06cf13c0,
        type: 3}
      propertyPath: m_LocalRotation.y
      value: 0
      objectReference: {fileID: 0}
    - target: {fileID: 7975865917542979423, guid: 1c82794f8c360ec47b46ee1b06cf13c0,
        type: 3}
      propertyPath: m_LocalRotation.z
      value: 0
      objectReference: {fileID: 0}
    - target: {fileID: 7975865917542979423, guid: 1c82794f8c360ec47b46ee1b06cf13c0,
        type: 3}
      propertyPath: m_LocalRotation.w
      value: 1
      objectReference: {fileID: 0}
    - target: {fileID: 7975865917542979423, guid: 1c82794f8c360ec47b46ee1b06cf13c0,
        type: 3}
      propertyPath: m_RootOrder
      value: 2
      objectReference: {fileID: 0}
    - target: {fileID: 7975865917542979423, guid: 1c82794f8c360ec47b46ee1b06cf13c0,
        type: 3}
      propertyPath: m_LocalEulerAnglesHint.x
      value: 0
      objectReference: {fileID: 0}
    - target: {fileID: 7975865917542979423, guid: 1c82794f8c360ec47b46ee1b06cf13c0,
        type: 3}
      propertyPath: m_LocalEulerAnglesHint.y
      value: 0
      objectReference: {fileID: 0}
    - target: {fileID: 7975865917542979423, guid: 1c82794f8c360ec47b46ee1b06cf13c0,
        type: 3}
      propertyPath: m_LocalEulerAnglesHint.z
      value: 0
      objectReference: {fileID: 0}
    m_RemovedComponents: []
  m_SourcePrefab: {fileID: 100100000, guid: 1c82794f8c360ec47b46ee1b06cf13c0, type: 3}
--- !u!4 &9097067485472870360 stripped
Transform:
  m_CorrespondingSourceObject: {fileID: 7975865917542979423, guid: 1c82794f8c360ec47b46ee1b06cf13c0,
    type: 3}
  m_PrefabInstance: {fileID: 1193648949778880647}
  m_PrefabAsset: {fileID: 0}
--- !u!1001 &2660067385350844169
PrefabInstance:
  m_ObjectHideFlags: 0
  serializedVersion: 2
  m_Modification:
    m_TransformParent: {fileID: 8131668109696614978}
    m_Modifications:
    - target: {fileID: 2511722087157728752, guid: 85df2b015d95391429b67b5d62f8db1a,
        type: 3}
      propertyPath: m_Name
      value: UnitMiniMapRender
      objectReference: {fileID: 0}
    - target: {fileID: 2511722087157728753, guid: 85df2b015d95391429b67b5d62f8db1a,
        type: 3}
      propertyPath: m_LocalPosition.x
      value: 0
      objectReference: {fileID: 0}
    - target: {fileID: 2511722087157728753, guid: 85df2b015d95391429b67b5d62f8db1a,
        type: 3}
      propertyPath: m_LocalPosition.y
      value: 0.1
      objectReference: {fileID: 0}
    - target: {fileID: 2511722087157728753, guid: 85df2b015d95391429b67b5d62f8db1a,
        type: 3}
      propertyPath: m_LocalPosition.z
      value: 0
      objectReference: {fileID: 0}
    - target: {fileID: 2511722087157728753, guid: 85df2b015d95391429b67b5d62f8db1a,
        type: 3}
      propertyPath: m_LocalRotation.x
      value: -0
      objectReference: {fileID: 0}
    - target: {fileID: 2511722087157728753, guid: 85df2b015d95391429b67b5d62f8db1a,
        type: 3}
      propertyPath: m_LocalRotation.y
      value: -0
      objectReference: {fileID: 0}
    - target: {fileID: 2511722087157728753, guid: 85df2b015d95391429b67b5d62f8db1a,
        type: 3}
      propertyPath: m_LocalRotation.z
      value: -0
      objectReference: {fileID: 0}
    - target: {fileID: 2511722087157728753, guid: 85df2b015d95391429b67b5d62f8db1a,
        type: 3}
      propertyPath: m_LocalRotation.w
      value: 1
      objectReference: {fileID: 0}
    - target: {fileID: 2511722087157728753, guid: 85df2b015d95391429b67b5d62f8db1a,
        type: 3}
      propertyPath: m_RootOrder
      value: 2
      objectReference: {fileID: 0}
    - target: {fileID: 2511722087157728753, guid: 85df2b015d95391429b67b5d62f8db1a,
        type: 3}
      propertyPath: m_LocalEulerAnglesHint.x
      value: 0
      objectReference: {fileID: 0}
    - target: {fileID: 2511722087157728753, guid: 85df2b015d95391429b67b5d62f8db1a,
        type: 3}
      propertyPath: m_LocalEulerAnglesHint.y
      value: 0
      objectReference: {fileID: 0}
    - target: {fileID: 2511722087157728753, guid: 85df2b015d95391429b67b5d62f8db1a,
        type: 3}
      propertyPath: m_LocalEulerAnglesHint.z
      value: 0
      objectReference: {fileID: 0}
    m_RemovedComponents: []
  m_SourcePrefab: {fileID: 100100000, guid: 85df2b015d95391429b67b5d62f8db1a, type: 3}
--- !u!4 &446165185317202680 stripped
Transform:
  m_CorrespondingSourceObject: {fileID: 2511722087157728753, guid: 85df2b015d95391429b67b5d62f8db1a,
    type: 3}
  m_PrefabInstance: {fileID: 2660067385350844169}
  m_PrefabAsset: {fileID: 0}
--- !u!114 &1880804368077207329 stripped
MonoBehaviour:
  m_CorrespondingSourceObject: {fileID: 4536110721172166696, guid: 85df2b015d95391429b67b5d62f8db1a,
    type: 3}
  m_PrefabInstance: {fileID: 2660067385350844169}
  m_PrefabAsset: {fileID: 0}
  m_GameObject: {fileID: 0}
  m_Enabled: 1
  m_EditorHideFlags: 0
  m_Script: {fileID: 11500000, guid: f0c853439dbeba643a65cb059138409d, type: 3}
  m_Name: 
  m_EditorClassIdentifier: 
--- !u!1001 &4460895990500722820
PrefabInstance:
  m_ObjectHideFlags: 0
  serializedVersion: 2
  m_Modification:
    m_TransformParent: {fileID: 7972598848529882317}
    m_Modifications:
    - target: {fileID: 6310755842398882929, guid: bd28ef3f12a168c44adffcb6a4e36d93,
        type: 3}
      propertyPath: m_LocalPosition.x
      value: 0
      objectReference: {fileID: 0}
    - target: {fileID: 6310755842398882929, guid: bd28ef3f12a168c44adffcb6a4e36d93,
        type: 3}
      propertyPath: m_LocalPosition.y
      value: 0
      objectReference: {fileID: 0}
    - target: {fileID: 6310755842398882929, guid: bd28ef3f12a168c44adffcb6a4e36d93,
        type: 3}
      propertyPath: m_LocalPosition.z
      value: 0
      objectReference: {fileID: 0}
    - target: {fileID: 6310755842398882929, guid: bd28ef3f12a168c44adffcb6a4e36d93,
        type: 3}
      propertyPath: m_LocalRotation.x
      value: 0
      objectReference: {fileID: 0}
    - target: {fileID: 6310755842398882929, guid: bd28ef3f12a168c44adffcb6a4e36d93,
        type: 3}
      propertyPath: m_LocalRotation.y
      value: 0
      objectReference: {fileID: 0}
    - target: {fileID: 6310755842398882929, guid: bd28ef3f12a168c44adffcb6a4e36d93,
        type: 3}
      propertyPath: m_LocalRotation.z
      value: 0
      objectReference: {fileID: 0}
    - target: {fileID: 6310755842398882929, guid: bd28ef3f12a168c44adffcb6a4e36d93,
        type: 3}
      propertyPath: m_LocalRotation.w
      value: 1
      objectReference: {fileID: 0}
    - target: {fileID: 6310755842398882929, guid: bd28ef3f12a168c44adffcb6a4e36d93,
        type: 3}
      propertyPath: m_RootOrder
      value: 1
      objectReference: {fileID: 0}
    - target: {fileID: 6310755842398882929, guid: bd28ef3f12a168c44adffcb6a4e36d93,
        type: 3}
      propertyPath: m_LocalEulerAnglesHint.x
      value: 0
      objectReference: {fileID: 0}
    - target: {fileID: 6310755842398882929, guid: bd28ef3f12a168c44adffcb6a4e36d93,
        type: 3}
      propertyPath: m_LocalEulerAnglesHint.y
      value: 0
      objectReference: {fileID: 0}
    - target: {fileID: 6310755842398882929, guid: bd28ef3f12a168c44adffcb6a4e36d93,
        type: 3}
      propertyPath: m_LocalEulerAnglesHint.z
      value: 0
      objectReference: {fileID: 0}
    - target: {fileID: 9059167245641710935, guid: bd28ef3f12a168c44adffcb6a4e36d93,
        type: 3}
      propertyPath: m_Name
      value: Defensive
      objectReference: {fileID: 0}
    m_RemovedComponents: []
  m_SourcePrefab: {fileID: 100100000, guid: bd28ef3f12a168c44adffcb6a4e36d93, type: 3}
--- !u!4 &7673014754388641013 stripped
Transform:
  m_CorrespondingSourceObject: {fileID: 6310755842398882929, guid: bd28ef3f12a168c44adffcb6a4e36d93,
    type: 3}
  m_PrefabInstance: {fileID: 4460895990500722820}
  m_PrefabAsset: {fileID: 0}
--- !u!1001 &6125747376352843548
PrefabInstance:
  m_ObjectHideFlags: 0
  serializedVersion: 2
  m_Modification:
    m_TransformParent: {fileID: 1415852093626520655}
    m_Modifications:
    - target: {fileID: 3945754660617809154, guid: 84bc9ca7686750441853c05e24d36ef5,
        type: 3}
      propertyPath: m_Name
      value: FootmanStats
      objectReference: {fileID: 0}
    - target: {fileID: 3945754660617809155, guid: 84bc9ca7686750441853c05e24d36ef5,
        type: 3}
      propertyPath: m_LocalPosition.x
      value: 0
      objectReference: {fileID: 0}
    - target: {fileID: 3945754660617809155, guid: 84bc9ca7686750441853c05e24d36ef5,
        type: 3}
      propertyPath: m_LocalPosition.y
      value: 0
      objectReference: {fileID: 0}
    - target: {fileID: 3945754660617809155, guid: 84bc9ca7686750441853c05e24d36ef5,
        type: 3}
      propertyPath: m_LocalPosition.z
      value: 0
      objectReference: {fileID: 0}
    - target: {fileID: 3945754660617809155, guid: 84bc9ca7686750441853c05e24d36ef5,
        type: 3}
      propertyPath: m_LocalRotation.x
      value: 0
      objectReference: {fileID: 0}
    - target: {fileID: 3945754660617809155, guid: 84bc9ca7686750441853c05e24d36ef5,
        type: 3}
      propertyPath: m_LocalRotation.y
      value: 0
      objectReference: {fileID: 0}
    - target: {fileID: 3945754660617809155, guid: 84bc9ca7686750441853c05e24d36ef5,
        type: 3}
      propertyPath: m_LocalRotation.z
      value: 0
      objectReference: {fileID: 0}
    - target: {fileID: 3945754660617809155, guid: 84bc9ca7686750441853c05e24d36ef5,
        type: 3}
      propertyPath: m_LocalRotation.w
      value: 1
      objectReference: {fileID: 0}
    - target: {fileID: 3945754660617809155, guid: 84bc9ca7686750441853c05e24d36ef5,
        type: 3}
      propertyPath: m_RootOrder
      value: 0
      objectReference: {fileID: 0}
    - target: {fileID: 3945754660617809155, guid: 84bc9ca7686750441853c05e24d36ef5,
        type: 3}
      propertyPath: m_LocalEulerAnglesHint.x
      value: 0
      objectReference: {fileID: 0}
    - target: {fileID: 3945754660617809155, guid: 84bc9ca7686750441853c05e24d36ef5,
        type: 3}
      propertyPath: m_LocalEulerAnglesHint.y
      value: 0
      objectReference: {fileID: 0}
    - target: {fileID: 3945754660617809155, guid: 84bc9ca7686750441853c05e24d36ef5,
        type: 3}
      propertyPath: m_LocalEulerAnglesHint.z
      value: 0
      objectReference: {fileID: 0}
    m_RemovedComponents: []
  m_SourcePrefab: {fileID: 100100000, guid: 84bc9ca7686750441853c05e24d36ef5, type: 3}
--- !u!4 &7188066325405481503 stripped
Transform:
  m_CorrespondingSourceObject: {fileID: 3945754660617809155, guid: 84bc9ca7686750441853c05e24d36ef5,
    type: 3}
  m_PrefabInstance: {fileID: 6125747376352843548}
  m_PrefabAsset: {fileID: 0}
--- !u!114 &6733820991999279901 stripped
MonoBehaviour:
  m_CorrespondingSourceObject: {fileID: 608074235673662465, guid: 84bc9ca7686750441853c05e24d36ef5,
    type: 3}
  m_PrefabInstance: {fileID: 6125747376352843548}
  m_PrefabAsset: {fileID: 0}
  m_GameObject: {fileID: 0}
  m_Enabled: 1
  m_EditorHideFlags: 0
  m_Script: {fileID: 11500000, guid: 28f9fa73af49609469a5dff97b002a12, type: 3}
  m_Name: 
  m_EditorClassIdentifier: 
--- !u!1001 &8540745001012529474
PrefabInstance:
  m_ObjectHideFlags: 0
  serializedVersion: 2
  m_Modification:
    m_TransformParent: {fileID: 8131668109696614978}
    m_Modifications:
    - target: {fileID: 100668, guid: 46628851bff3fa341a13534728534ea3, type: 3}
      propertyPath: m_Layer
      value: 8
      objectReference: {fileID: 0}
    - target: {fileID: 100860, guid: 46628851bff3fa341a13534728534ea3, type: 3}
      propertyPath: m_Layer
      value: 8
      objectReference: {fileID: 0}
    - target: {fileID: 100896, guid: 46628851bff3fa341a13534728534ea3, type: 3}
      propertyPath: m_Layer
      value: 8
      objectReference: {fileID: 0}
    - target: {fileID: 101016, guid: 46628851bff3fa341a13534728534ea3, type: 3}
      propertyPath: m_Layer
      value: 8
      objectReference: {fileID: 0}
    - target: {fileID: 101658, guid: 46628851bff3fa341a13534728534ea3, type: 3}
      propertyPath: m_Layer
      value: 8
      objectReference: {fileID: 0}
    - target: {fileID: 102122, guid: 46628851bff3fa341a13534728534ea3, type: 3}
      propertyPath: m_Layer
      value: 8
      objectReference: {fileID: 0}
    - target: {fileID: 102242, guid: 46628851bff3fa341a13534728534ea3, type: 3}
      propertyPath: m_Layer
      value: 8
      objectReference: {fileID: 0}
    - target: {fileID: 102394, guid: 46628851bff3fa341a13534728534ea3, type: 3}
      propertyPath: m_Layer
      value: 8
      objectReference: {fileID: 0}
    - target: {fileID: 102988, guid: 46628851bff3fa341a13534728534ea3, type: 3}
      propertyPath: m_Layer
      value: 8
      objectReference: {fileID: 0}
    - target: {fileID: 104106, guid: 46628851bff3fa341a13534728534ea3, type: 3}
      propertyPath: m_Layer
      value: 8
      objectReference: {fileID: 0}
    - target: {fileID: 104664, guid: 46628851bff3fa341a13534728534ea3, type: 3}
      propertyPath: m_Layer
      value: 8
      objectReference: {fileID: 0}
    - target: {fileID: 104738, guid: 46628851bff3fa341a13534728534ea3, type: 3}
      propertyPath: m_Layer
      value: 8
      objectReference: {fileID: 0}
    - target: {fileID: 105784, guid: 46628851bff3fa341a13534728534ea3, type: 3}
      propertyPath: m_Layer
      value: 8
      objectReference: {fileID: 0}
    - target: {fileID: 106070, guid: 46628851bff3fa341a13534728534ea3, type: 3}
      propertyPath: m_Layer
      value: 8
      objectReference: {fileID: 0}
    - target: {fileID: 106358, guid: 46628851bff3fa341a13534728534ea3, type: 3}
      propertyPath: m_Layer
      value: 8
      objectReference: {fileID: 0}
    - target: {fileID: 106482, guid: 46628851bff3fa341a13534728534ea3, type: 3}
      propertyPath: m_Layer
      value: 8
      objectReference: {fileID: 0}
    - target: {fileID: 106892, guid: 46628851bff3fa341a13534728534ea3, type: 3}
      propertyPath: m_Layer
      value: 8
      objectReference: {fileID: 0}
    - target: {fileID: 106988, guid: 46628851bff3fa341a13534728534ea3, type: 3}
      propertyPath: m_Layer
      value: 8
      objectReference: {fileID: 0}
    - target: {fileID: 107482, guid: 46628851bff3fa341a13534728534ea3, type: 3}
      propertyPath: m_Layer
      value: 8
      objectReference: {fileID: 0}
    - target: {fileID: 107518, guid: 46628851bff3fa341a13534728534ea3, type: 3}
      propertyPath: m_Layer
      value: 8
      objectReference: {fileID: 0}
    - target: {fileID: 108430, guid: 46628851bff3fa341a13534728534ea3, type: 3}
      propertyPath: m_Layer
      value: 8
      objectReference: {fileID: 0}
    - target: {fileID: 108958, guid: 46628851bff3fa341a13534728534ea3, type: 3}
      propertyPath: m_Layer
      value: 8
      objectReference: {fileID: 0}
    - target: {fileID: 109908, guid: 46628851bff3fa341a13534728534ea3, type: 3}
      propertyPath: m_Layer
      value: 8
      objectReference: {fileID: 0}
    - target: {fileID: 110374, guid: 46628851bff3fa341a13534728534ea3, type: 3}
      propertyPath: m_Layer
      value: 8
      objectReference: {fileID: 0}
    - target: {fileID: 110668, guid: 46628851bff3fa341a13534728534ea3, type: 3}
      propertyPath: m_Layer
      value: 8
      objectReference: {fileID: 0}
    - target: {fileID: 110672, guid: 46628851bff3fa341a13534728534ea3, type: 3}
      propertyPath: m_Layer
      value: 8
      objectReference: {fileID: 0}
    - target: {fileID: 110858, guid: 46628851bff3fa341a13534728534ea3, type: 3}
      propertyPath: m_Layer
      value: 8
      objectReference: {fileID: 0}
    - target: {fileID: 111318, guid: 46628851bff3fa341a13534728534ea3, type: 3}
      propertyPath: m_Name
      value: TT_Light_Infantry
      objectReference: {fileID: 0}
    - target: {fileID: 111318, guid: 46628851bff3fa341a13534728534ea3, type: 3}
      propertyPath: m_Layer
      value: 8
      objectReference: {fileID: 0}
    - target: {fileID: 111836, guid: 46628851bff3fa341a13534728534ea3, type: 3}
      propertyPath: m_Layer
      value: 8
      objectReference: {fileID: 0}
    - target: {fileID: 112370, guid: 46628851bff3fa341a13534728534ea3, type: 3}
      propertyPath: m_Layer
      value: 8
      objectReference: {fileID: 0}
    - target: {fileID: 114288, guid: 46628851bff3fa341a13534728534ea3, type: 3}
      propertyPath: m_Layer
      value: 8
      objectReference: {fileID: 0}
    - target: {fileID: 114396, guid: 46628851bff3fa341a13534728534ea3, type: 3}
      propertyPath: m_Layer
      value: 8
      objectReference: {fileID: 0}
    - target: {fileID: 114518, guid: 46628851bff3fa341a13534728534ea3, type: 3}
      propertyPath: m_Layer
      value: 8
      objectReference: {fileID: 0}
    - target: {fileID: 114764, guid: 46628851bff3fa341a13534728534ea3, type: 3}
      propertyPath: m_Layer
      value: 8
      objectReference: {fileID: 0}
    - target: {fileID: 114838, guid: 46628851bff3fa341a13534728534ea3, type: 3}
      propertyPath: m_Layer
      value: 8
      objectReference: {fileID: 0}
    - target: {fileID: 115200, guid: 46628851bff3fa341a13534728534ea3, type: 3}
      propertyPath: m_Layer
      value: 8
      objectReference: {fileID: 0}
    - target: {fileID: 115714, guid: 46628851bff3fa341a13534728534ea3, type: 3}
      propertyPath: m_Layer
      value: 8
      objectReference: {fileID: 0}
    - target: {fileID: 115882, guid: 46628851bff3fa341a13534728534ea3, type: 3}
      propertyPath: m_Layer
      value: 8
      objectReference: {fileID: 0}
    - target: {fileID: 116288, guid: 46628851bff3fa341a13534728534ea3, type: 3}
      propertyPath: m_Layer
      value: 8
      objectReference: {fileID: 0}
    - target: {fileID: 116710, guid: 46628851bff3fa341a13534728534ea3, type: 3}
      propertyPath: m_Layer
      value: 8
      objectReference: {fileID: 0}
    - target: {fileID: 117338, guid: 46628851bff3fa341a13534728534ea3, type: 3}
      propertyPath: m_Layer
      value: 8
      objectReference: {fileID: 0}
    - target: {fileID: 118708, guid: 46628851bff3fa341a13534728534ea3, type: 3}
      propertyPath: m_Layer
      value: 8
      objectReference: {fileID: 0}
    - target: {fileID: 118804, guid: 46628851bff3fa341a13534728534ea3, type: 3}
      propertyPath: m_Layer
      value: 8
      objectReference: {fileID: 0}
    - target: {fileID: 118990, guid: 46628851bff3fa341a13534728534ea3, type: 3}
      propertyPath: m_Layer
      value: 8
      objectReference: {fileID: 0}
    - target: {fileID: 119348, guid: 46628851bff3fa341a13534728534ea3, type: 3}
      propertyPath: m_Layer
      value: 8
      objectReference: {fileID: 0}
    - target: {fileID: 119726, guid: 46628851bff3fa341a13534728534ea3, type: 3}
      propertyPath: m_Layer
      value: 8
      objectReference: {fileID: 0}
    - target: {fileID: 120072, guid: 46628851bff3fa341a13534728534ea3, type: 3}
      propertyPath: m_Layer
      value: 8
      objectReference: {fileID: 0}
    - target: {fileID: 120206, guid: 46628851bff3fa341a13534728534ea3, type: 3}
      propertyPath: m_Layer
      value: 8
      objectReference: {fileID: 0}
    - target: {fileID: 120722, guid: 46628851bff3fa341a13534728534ea3, type: 3}
      propertyPath: m_Layer
      value: 8
      objectReference: {fileID: 0}
    - target: {fileID: 121124, guid: 46628851bff3fa341a13534728534ea3, type: 3}
      propertyPath: m_Layer
      value: 8
      objectReference: {fileID: 0}
    - target: {fileID: 121712, guid: 46628851bff3fa341a13534728534ea3, type: 3}
      propertyPath: m_Layer
      value: 8
      objectReference: {fileID: 0}
    - target: {fileID: 121834, guid: 46628851bff3fa341a13534728534ea3, type: 3}
      propertyPath: m_Layer
      value: 8
      objectReference: {fileID: 0}
    - target: {fileID: 123104, guid: 46628851bff3fa341a13534728534ea3, type: 3}
      propertyPath: m_Layer
      value: 8
      objectReference: {fileID: 0}
    - target: {fileID: 123284, guid: 46628851bff3fa341a13534728534ea3, type: 3}
      propertyPath: m_Layer
      value: 8
      objectReference: {fileID: 0}
    - target: {fileID: 123660, guid: 46628851bff3fa341a13534728534ea3, type: 3}
      propertyPath: m_Layer
      value: 8
      objectReference: {fileID: 0}
    - target: {fileID: 125162, guid: 46628851bff3fa341a13534728534ea3, type: 3}
      propertyPath: m_Layer
      value: 8
      objectReference: {fileID: 0}
    - target: {fileID: 125574, guid: 46628851bff3fa341a13534728534ea3, type: 3}
      propertyPath: m_Layer
      value: 8
      objectReference: {fileID: 0}
    - target: {fileID: 125754, guid: 46628851bff3fa341a13534728534ea3, type: 3}
      propertyPath: m_Layer
      value: 8
      objectReference: {fileID: 0}
    - target: {fileID: 125934, guid: 46628851bff3fa341a13534728534ea3, type: 3}
      propertyPath: m_Layer
      value: 8
      objectReference: {fileID: 0}
    - target: {fileID: 127602, guid: 46628851bff3fa341a13534728534ea3, type: 3}
      propertyPath: m_Layer
      value: 8
      objectReference: {fileID: 0}
    - target: {fileID: 127962, guid: 46628851bff3fa341a13534728534ea3, type: 3}
      propertyPath: m_Layer
      value: 8
      objectReference: {fileID: 0}
    - target: {fileID: 127994, guid: 46628851bff3fa341a13534728534ea3, type: 3}
      propertyPath: m_Layer
      value: 8
      objectReference: {fileID: 0}
    - target: {fileID: 128046, guid: 46628851bff3fa341a13534728534ea3, type: 3}
      propertyPath: m_Layer
      value: 8
      objectReference: {fileID: 0}
    - target: {fileID: 128754, guid: 46628851bff3fa341a13534728534ea3, type: 3}
      propertyPath: m_Layer
      value: 8
      objectReference: {fileID: 0}
    - target: {fileID: 129230, guid: 46628851bff3fa341a13534728534ea3, type: 3}
      propertyPath: m_Layer
      value: 8
      objectReference: {fileID: 0}
    - target: {fileID: 129712, guid: 46628851bff3fa341a13534728534ea3, type: 3}
      propertyPath: m_Layer
      value: 8
      objectReference: {fileID: 0}
    - target: {fileID: 129876, guid: 46628851bff3fa341a13534728534ea3, type: 3}
      propertyPath: m_Layer
      value: 8
      objectReference: {fileID: 0}
    - target: {fileID: 131146, guid: 46628851bff3fa341a13534728534ea3, type: 3}
      propertyPath: m_Layer
      value: 8
      objectReference: {fileID: 0}
    - target: {fileID: 132256, guid: 46628851bff3fa341a13534728534ea3, type: 3}
      propertyPath: m_Layer
      value: 8
      objectReference: {fileID: 0}
    - target: {fileID: 132326, guid: 46628851bff3fa341a13534728534ea3, type: 3}
      propertyPath: m_Layer
      value: 8
      objectReference: {fileID: 0}
    - target: {fileID: 132426, guid: 46628851bff3fa341a13534728534ea3, type: 3}
      propertyPath: m_Layer
      value: 8
      objectReference: {fileID: 0}
    - target: {fileID: 132730, guid: 46628851bff3fa341a13534728534ea3, type: 3}
      propertyPath: m_Layer
      value: 8
      objectReference: {fileID: 0}
    - target: {fileID: 133446, guid: 46628851bff3fa341a13534728534ea3, type: 3}
      propertyPath: m_Layer
      value: 8
      objectReference: {fileID: 0}
    - target: {fileID: 133562, guid: 46628851bff3fa341a13534728534ea3, type: 3}
      propertyPath: m_Layer
      value: 8
      objectReference: {fileID: 0}
    - target: {fileID: 133792, guid: 46628851bff3fa341a13534728534ea3, type: 3}
      propertyPath: m_Layer
      value: 8
      objectReference: {fileID: 0}
    - target: {fileID: 134130, guid: 46628851bff3fa341a13534728534ea3, type: 3}
      propertyPath: m_Layer
      value: 8
      objectReference: {fileID: 0}
    - target: {fileID: 134610, guid: 46628851bff3fa341a13534728534ea3, type: 3}
      propertyPath: m_Layer
      value: 8
      objectReference: {fileID: 0}
    - target: {fileID: 136056, guid: 46628851bff3fa341a13534728534ea3, type: 3}
      propertyPath: m_Layer
      value: 8
      objectReference: {fileID: 0}
    - target: {fileID: 136700, guid: 46628851bff3fa341a13534728534ea3, type: 3}
      propertyPath: m_Layer
      value: 8
      objectReference: {fileID: 0}
    - target: {fileID: 137414, guid: 46628851bff3fa341a13534728534ea3, type: 3}
      propertyPath: m_Layer
      value: 8
      objectReference: {fileID: 0}
    - target: {fileID: 138032, guid: 46628851bff3fa341a13534728534ea3, type: 3}
      propertyPath: m_Layer
      value: 8
      objectReference: {fileID: 0}
    - target: {fileID: 138228, guid: 46628851bff3fa341a13534728534ea3, type: 3}
      propertyPath: m_Layer
      value: 8
      objectReference: {fileID: 0}
    - target: {fileID: 138422, guid: 46628851bff3fa341a13534728534ea3, type: 3}
      propertyPath: m_Layer
      value: 8
      objectReference: {fileID: 0}
    - target: {fileID: 138746, guid: 46628851bff3fa341a13534728534ea3, type: 3}
      propertyPath: m_Layer
      value: 8
      objectReference: {fileID: 0}
    - target: {fileID: 139146, guid: 46628851bff3fa341a13534728534ea3, type: 3}
      propertyPath: m_Layer
      value: 8
      objectReference: {fileID: 0}
    - target: {fileID: 140150, guid: 46628851bff3fa341a13534728534ea3, type: 3}
      propertyPath: m_Layer
      value: 8
      objectReference: {fileID: 0}
    - target: {fileID: 140190, guid: 46628851bff3fa341a13534728534ea3, type: 3}
      propertyPath: m_Layer
      value: 8
      objectReference: {fileID: 0}
    - target: {fileID: 140318, guid: 46628851bff3fa341a13534728534ea3, type: 3}
      propertyPath: m_Layer
      value: 8
      objectReference: {fileID: 0}
    - target: {fileID: 140406, guid: 46628851bff3fa341a13534728534ea3, type: 3}
      propertyPath: m_Layer
      value: 8
      objectReference: {fileID: 0}
    - target: {fileID: 141222, guid: 46628851bff3fa341a13534728534ea3, type: 3}
      propertyPath: m_Layer
      value: 8
      objectReference: {fileID: 0}
    - target: {fileID: 141886, guid: 46628851bff3fa341a13534728534ea3, type: 3}
      propertyPath: m_Layer
      value: 8
      objectReference: {fileID: 0}
    - target: {fileID: 142036, guid: 46628851bff3fa341a13534728534ea3, type: 3}
      propertyPath: m_Layer
      value: 8
      objectReference: {fileID: 0}
    - target: {fileID: 142498, guid: 46628851bff3fa341a13534728534ea3, type: 3}
      propertyPath: m_Layer
      value: 8
      objectReference: {fileID: 0}
    - target: {fileID: 143014, guid: 46628851bff3fa341a13534728534ea3, type: 3}
      propertyPath: m_Layer
      value: 8
      objectReference: {fileID: 0}
    - target: {fileID: 143162, guid: 46628851bff3fa341a13534728534ea3, type: 3}
      propertyPath: m_Layer
      value: 8
      objectReference: {fileID: 0}
    - target: {fileID: 144904, guid: 46628851bff3fa341a13534728534ea3, type: 3}
      propertyPath: m_Layer
      value: 8
      objectReference: {fileID: 0}
    - target: {fileID: 144912, guid: 46628851bff3fa341a13534728534ea3, type: 3}
      propertyPath: m_Layer
      value: 8
      objectReference: {fileID: 0}
    - target: {fileID: 145112, guid: 46628851bff3fa341a13534728534ea3, type: 3}
      propertyPath: m_Layer
      value: 8
      objectReference: {fileID: 0}
    - target: {fileID: 145406, guid: 46628851bff3fa341a13534728534ea3, type: 3}
      propertyPath: m_Layer
      value: 8
      objectReference: {fileID: 0}
    - target: {fileID: 146332, guid: 46628851bff3fa341a13534728534ea3, type: 3}
      propertyPath: m_Layer
      value: 8
      objectReference: {fileID: 0}
    - target: {fileID: 146756, guid: 46628851bff3fa341a13534728534ea3, type: 3}
      propertyPath: m_Layer
      value: 8
      objectReference: {fileID: 0}
    - target: {fileID: 147330, guid: 46628851bff3fa341a13534728534ea3, type: 3}
      propertyPath: m_Layer
      value: 8
      objectReference: {fileID: 0}
    - target: {fileID: 147416, guid: 46628851bff3fa341a13534728534ea3, type: 3}
      propertyPath: m_Layer
      value: 8
      objectReference: {fileID: 0}
    - target: {fileID: 147590, guid: 46628851bff3fa341a13534728534ea3, type: 3}
      propertyPath: m_Layer
      value: 8
      objectReference: {fileID: 0}
    - target: {fileID: 148722, guid: 46628851bff3fa341a13534728534ea3, type: 3}
      propertyPath: m_Layer
      value: 8
      objectReference: {fileID: 0}
    - target: {fileID: 148960, guid: 46628851bff3fa341a13534728534ea3, type: 3}
      propertyPath: m_Layer
      value: 8
      objectReference: {fileID: 0}
    - target: {fileID: 149014, guid: 46628851bff3fa341a13534728534ea3, type: 3}
      propertyPath: m_Layer
      value: 8
      objectReference: {fileID: 0}
    - target: {fileID: 149126, guid: 46628851bff3fa341a13534728534ea3, type: 3}
      propertyPath: m_Layer
      value: 8
      objectReference: {fileID: 0}
    - target: {fileID: 149130, guid: 46628851bff3fa341a13534728534ea3, type: 3}
      propertyPath: m_Layer
      value: 8
      objectReference: {fileID: 0}
    - target: {fileID: 149338, guid: 46628851bff3fa341a13534728534ea3, type: 3}
      propertyPath: m_Layer
      value: 8
      objectReference: {fileID: 0}
    - target: {fileID: 149784, guid: 46628851bff3fa341a13534728534ea3, type: 3}
      propertyPath: m_Layer
      value: 8
      objectReference: {fileID: 0}
    - target: {fileID: 149800, guid: 46628851bff3fa341a13534728534ea3, type: 3}
      propertyPath: m_Layer
      value: 8
      objectReference: {fileID: 0}
    - target: {fileID: 149854, guid: 46628851bff3fa341a13534728534ea3, type: 3}
      propertyPath: m_Layer
      value: 8
      objectReference: {fileID: 0}
    - target: {fileID: 150250, guid: 46628851bff3fa341a13534728534ea3, type: 3}
      propertyPath: m_Layer
      value: 8
      objectReference: {fileID: 0}
    - target: {fileID: 150812, guid: 46628851bff3fa341a13534728534ea3, type: 3}
      propertyPath: m_Layer
      value: 8
      objectReference: {fileID: 0}
    - target: {fileID: 152998, guid: 46628851bff3fa341a13534728534ea3, type: 3}
      propertyPath: m_Layer
      value: 8
      objectReference: {fileID: 0}
    - target: {fileID: 153210, guid: 46628851bff3fa341a13534728534ea3, type: 3}
      propertyPath: m_Layer
      value: 8
      objectReference: {fileID: 0}
    - target: {fileID: 153316, guid: 46628851bff3fa341a13534728534ea3, type: 3}
      propertyPath: m_Layer
      value: 8
      objectReference: {fileID: 0}
    - target: {fileID: 153452, guid: 46628851bff3fa341a13534728534ea3, type: 3}
      propertyPath: m_Layer
      value: 8
      objectReference: {fileID: 0}
    - target: {fileID: 153484, guid: 46628851bff3fa341a13534728534ea3, type: 3}
      propertyPath: m_Layer
      value: 8
      objectReference: {fileID: 0}
    - target: {fileID: 154268, guid: 46628851bff3fa341a13534728534ea3, type: 3}
      propertyPath: m_Layer
      value: 8
      objectReference: {fileID: 0}
    - target: {fileID: 154364, guid: 46628851bff3fa341a13534728534ea3, type: 3}
      propertyPath: m_Layer
      value: 8
      objectReference: {fileID: 0}
    - target: {fileID: 154422, guid: 46628851bff3fa341a13534728534ea3, type: 3}
      propertyPath: m_Layer
      value: 8
      objectReference: {fileID: 0}
    - target: {fileID: 154660, guid: 46628851bff3fa341a13534728534ea3, type: 3}
      propertyPath: m_Layer
      value: 8
      objectReference: {fileID: 0}
    - target: {fileID: 154702, guid: 46628851bff3fa341a13534728534ea3, type: 3}
      propertyPath: m_Layer
      value: 8
      objectReference: {fileID: 0}
    - target: {fileID: 154840, guid: 46628851bff3fa341a13534728534ea3, type: 3}
      propertyPath: m_Layer
      value: 8
      objectReference: {fileID: 0}
    - target: {fileID: 154878, guid: 46628851bff3fa341a13534728534ea3, type: 3}
      propertyPath: m_Layer
      value: 8
      objectReference: {fileID: 0}
    - target: {fileID: 155820, guid: 46628851bff3fa341a13534728534ea3, type: 3}
      propertyPath: m_Layer
      value: 8
      objectReference: {fileID: 0}
    - target: {fileID: 156558, guid: 46628851bff3fa341a13534728534ea3, type: 3}
      propertyPath: m_Layer
      value: 8
      objectReference: {fileID: 0}
    - target: {fileID: 157826, guid: 46628851bff3fa341a13534728534ea3, type: 3}
      propertyPath: m_Layer
      value: 8
      objectReference: {fileID: 0}
    - target: {fileID: 157832, guid: 46628851bff3fa341a13534728534ea3, type: 3}
      propertyPath: m_Layer
      value: 8
      objectReference: {fileID: 0}
    - target: {fileID: 157966, guid: 46628851bff3fa341a13534728534ea3, type: 3}
      propertyPath: m_Layer
      value: 8
      objectReference: {fileID: 0}
    - target: {fileID: 158212, guid: 46628851bff3fa341a13534728534ea3, type: 3}
      propertyPath: m_Layer
      value: 8
      objectReference: {fileID: 0}
    - target: {fileID: 159012, guid: 46628851bff3fa341a13534728534ea3, type: 3}
      propertyPath: m_Layer
      value: 8
      objectReference: {fileID: 0}
    - target: {fileID: 160444, guid: 46628851bff3fa341a13534728534ea3, type: 3}
      propertyPath: m_Layer
      value: 8
      objectReference: {fileID: 0}
    - target: {fileID: 160752, guid: 46628851bff3fa341a13534728534ea3, type: 3}
      propertyPath: m_Layer
      value: 8
      objectReference: {fileID: 0}
    - target: {fileID: 161028, guid: 46628851bff3fa341a13534728534ea3, type: 3}
      propertyPath: m_Layer
      value: 8
      objectReference: {fileID: 0}
    - target: {fileID: 161160, guid: 46628851bff3fa341a13534728534ea3, type: 3}
      propertyPath: m_Layer
      value: 8
      objectReference: {fileID: 0}
    - target: {fileID: 161516, guid: 46628851bff3fa341a13534728534ea3, type: 3}
      propertyPath: m_Layer
      value: 8
      objectReference: {fileID: 0}
    - target: {fileID: 161660, guid: 46628851bff3fa341a13534728534ea3, type: 3}
      propertyPath: m_Layer
      value: 8
      objectReference: {fileID: 0}
    - target: {fileID: 161932, guid: 46628851bff3fa341a13534728534ea3, type: 3}
      propertyPath: m_Layer
      value: 8
      objectReference: {fileID: 0}
    - target: {fileID: 162130, guid: 46628851bff3fa341a13534728534ea3, type: 3}
      propertyPath: m_Layer
      value: 8
      objectReference: {fileID: 0}
    - target: {fileID: 162214, guid: 46628851bff3fa341a13534728534ea3, type: 3}
      propertyPath: m_Layer
      value: 8
      objectReference: {fileID: 0}
    - target: {fileID: 163030, guid: 46628851bff3fa341a13534728534ea3, type: 3}
      propertyPath: m_Layer
      value: 8
      objectReference: {fileID: 0}
    - target: {fileID: 163202, guid: 46628851bff3fa341a13534728534ea3, type: 3}
      propertyPath: m_Layer
      value: 8
      objectReference: {fileID: 0}
    - target: {fileID: 163206, guid: 46628851bff3fa341a13534728534ea3, type: 3}
      propertyPath: m_Layer
      value: 8
      objectReference: {fileID: 0}
    - target: {fileID: 165032, guid: 46628851bff3fa341a13534728534ea3, type: 3}
      propertyPath: m_Layer
      value: 8
      objectReference: {fileID: 0}
    - target: {fileID: 165478, guid: 46628851bff3fa341a13534728534ea3, type: 3}
      propertyPath: m_Layer
      value: 8
      objectReference: {fileID: 0}
    - target: {fileID: 166464, guid: 46628851bff3fa341a13534728534ea3, type: 3}
      propertyPath: m_Layer
      value: 8
      objectReference: {fileID: 0}
    - target: {fileID: 166842, guid: 46628851bff3fa341a13534728534ea3, type: 3}
      propertyPath: m_Layer
      value: 8
      objectReference: {fileID: 0}
    - target: {fileID: 167354, guid: 46628851bff3fa341a13534728534ea3, type: 3}
      propertyPath: m_Layer
      value: 8
      objectReference: {fileID: 0}
    - target: {fileID: 167356, guid: 46628851bff3fa341a13534728534ea3, type: 3}
      propertyPath: m_Layer
      value: 8
      objectReference: {fileID: 0}
    - target: {fileID: 167664, guid: 46628851bff3fa341a13534728534ea3, type: 3}
      propertyPath: m_Layer
      value: 8
      objectReference: {fileID: 0}
    - target: {fileID: 168342, guid: 46628851bff3fa341a13534728534ea3, type: 3}
      propertyPath: m_Layer
      value: 8
      objectReference: {fileID: 0}
    - target: {fileID: 168466, guid: 46628851bff3fa341a13534728534ea3, type: 3}
      propertyPath: m_Layer
      value: 8
      objectReference: {fileID: 0}
    - target: {fileID: 168872, guid: 46628851bff3fa341a13534728534ea3, type: 3}
      propertyPath: m_Layer
      value: 8
      objectReference: {fileID: 0}
    - target: {fileID: 169862, guid: 46628851bff3fa341a13534728534ea3, type: 3}
      propertyPath: m_Layer
      value: 8
      objectReference: {fileID: 0}
    - target: {fileID: 170108, guid: 46628851bff3fa341a13534728534ea3, type: 3}
      propertyPath: m_Layer
      value: 8
      objectReference: {fileID: 0}
    - target: {fileID: 170302, guid: 46628851bff3fa341a13534728534ea3, type: 3}
      propertyPath: m_Layer
      value: 8
      objectReference: {fileID: 0}
    - target: {fileID: 170654, guid: 46628851bff3fa341a13534728534ea3, type: 3}
      propertyPath: m_Layer
      value: 8
      objectReference: {fileID: 0}
    - target: {fileID: 170750, guid: 46628851bff3fa341a13534728534ea3, type: 3}
      propertyPath: m_Layer
      value: 8
      objectReference: {fileID: 0}
    - target: {fileID: 170858, guid: 46628851bff3fa341a13534728534ea3, type: 3}
      propertyPath: m_Layer
      value: 8
      objectReference: {fileID: 0}
    - target: {fileID: 171096, guid: 46628851bff3fa341a13534728534ea3, type: 3}
      propertyPath: m_Layer
      value: 8
      objectReference: {fileID: 0}
    - target: {fileID: 172672, guid: 46628851bff3fa341a13534728534ea3, type: 3}
      propertyPath: m_Layer
      value: 8
      objectReference: {fileID: 0}
    - target: {fileID: 172776, guid: 46628851bff3fa341a13534728534ea3, type: 3}
      propertyPath: m_Layer
      value: 8
      objectReference: {fileID: 0}
    - target: {fileID: 173322, guid: 46628851bff3fa341a13534728534ea3, type: 3}
      propertyPath: m_Layer
      value: 8
      objectReference: {fileID: 0}
    - target: {fileID: 174134, guid: 46628851bff3fa341a13534728534ea3, type: 3}
      propertyPath: m_Layer
      value: 8
      objectReference: {fileID: 0}
    - target: {fileID: 174754, guid: 46628851bff3fa341a13534728534ea3, type: 3}
      propertyPath: m_Layer
      value: 8
      objectReference: {fileID: 0}
    - target: {fileID: 175022, guid: 46628851bff3fa341a13534728534ea3, type: 3}
      propertyPath: m_Layer
      value: 8
      objectReference: {fileID: 0}
    - target: {fileID: 175688, guid: 46628851bff3fa341a13534728534ea3, type: 3}
      propertyPath: m_Layer
      value: 8
      objectReference: {fileID: 0}
    - target: {fileID: 176034, guid: 46628851bff3fa341a13534728534ea3, type: 3}
      propertyPath: m_Layer
      value: 8
      objectReference: {fileID: 0}
    - target: {fileID: 176882, guid: 46628851bff3fa341a13534728534ea3, type: 3}
      propertyPath: m_Layer
      value: 8
      objectReference: {fileID: 0}
    - target: {fileID: 177280, guid: 46628851bff3fa341a13534728534ea3, type: 3}
      propertyPath: m_Layer
      value: 8
      objectReference: {fileID: 0}
    - target: {fileID: 177754, guid: 46628851bff3fa341a13534728534ea3, type: 3}
      propertyPath: m_Layer
      value: 8
      objectReference: {fileID: 0}
    - target: {fileID: 177834, guid: 46628851bff3fa341a13534728534ea3, type: 3}
      propertyPath: m_Layer
      value: 8
      objectReference: {fileID: 0}
    - target: {fileID: 177892, guid: 46628851bff3fa341a13534728534ea3, type: 3}
      propertyPath: m_Layer
      value: 8
      objectReference: {fileID: 0}
    - target: {fileID: 178026, guid: 46628851bff3fa341a13534728534ea3, type: 3}
      propertyPath: m_Layer
      value: 8
      objectReference: {fileID: 0}
    - target: {fileID: 178446, guid: 46628851bff3fa341a13534728534ea3, type: 3}
      propertyPath: m_Layer
      value: 8
      objectReference: {fileID: 0}
    - target: {fileID: 178818, guid: 46628851bff3fa341a13534728534ea3, type: 3}
      propertyPath: m_Layer
      value: 8
      objectReference: {fileID: 0}
    - target: {fileID: 179118, guid: 46628851bff3fa341a13534728534ea3, type: 3}
      propertyPath: m_Layer
      value: 8
      objectReference: {fileID: 0}
    - target: {fileID: 180016, guid: 46628851bff3fa341a13534728534ea3, type: 3}
      propertyPath: m_Layer
      value: 8
      objectReference: {fileID: 0}
    - target: {fileID: 180580, guid: 46628851bff3fa341a13534728534ea3, type: 3}
      propertyPath: m_Layer
      value: 8
      objectReference: {fileID: 0}
    - target: {fileID: 181092, guid: 46628851bff3fa341a13534728534ea3, type: 3}
      propertyPath: m_Layer
      value: 8
      objectReference: {fileID: 0}
    - target: {fileID: 181318, guid: 46628851bff3fa341a13534728534ea3, type: 3}
      propertyPath: m_Layer
      value: 8
      objectReference: {fileID: 0}
    - target: {fileID: 182150, guid: 46628851bff3fa341a13534728534ea3, type: 3}
      propertyPath: m_Layer
      value: 8
      objectReference: {fileID: 0}
    - target: {fileID: 182380, guid: 46628851bff3fa341a13534728534ea3, type: 3}
      propertyPath: m_Layer
      value: 8
      objectReference: {fileID: 0}
    - target: {fileID: 183262, guid: 46628851bff3fa341a13534728534ea3, type: 3}
      propertyPath: m_Layer
      value: 8
      objectReference: {fileID: 0}
    - target: {fileID: 183376, guid: 46628851bff3fa341a13534728534ea3, type: 3}
      propertyPath: m_Layer
      value: 8
      objectReference: {fileID: 0}
    - target: {fileID: 183560, guid: 46628851bff3fa341a13534728534ea3, type: 3}
      propertyPath: m_Layer
      value: 8
      objectReference: {fileID: 0}
    - target: {fileID: 183716, guid: 46628851bff3fa341a13534728534ea3, type: 3}
      propertyPath: m_Layer
      value: 8
      objectReference: {fileID: 0}
    - target: {fileID: 184892, guid: 46628851bff3fa341a13534728534ea3, type: 3}
      propertyPath: m_Layer
      value: 8
      objectReference: {fileID: 0}
    - target: {fileID: 185676, guid: 46628851bff3fa341a13534728534ea3, type: 3}
      propertyPath: m_Layer
      value: 8
      objectReference: {fileID: 0}
    - target: {fileID: 186220, guid: 46628851bff3fa341a13534728534ea3, type: 3}
      propertyPath: m_Layer
      value: 8
      objectReference: {fileID: 0}
    - target: {fileID: 186286, guid: 46628851bff3fa341a13534728534ea3, type: 3}
      propertyPath: m_Layer
      value: 8
      objectReference: {fileID: 0}
    - target: {fileID: 186558, guid: 46628851bff3fa341a13534728534ea3, type: 3}
      propertyPath: m_Layer
      value: 8
      objectReference: {fileID: 0}
    - target: {fileID: 186848, guid: 46628851bff3fa341a13534728534ea3, type: 3}
      propertyPath: m_Layer
      value: 8
      objectReference: {fileID: 0}
    - target: {fileID: 187628, guid: 46628851bff3fa341a13534728534ea3, type: 3}
      propertyPath: m_Layer
      value: 8
      objectReference: {fileID: 0}
    - target: {fileID: 188004, guid: 46628851bff3fa341a13534728534ea3, type: 3}
      propertyPath: m_Layer
      value: 8
      objectReference: {fileID: 0}
    - target: {fileID: 189224, guid: 46628851bff3fa341a13534728534ea3, type: 3}
      propertyPath: m_Layer
      value: 8
      objectReference: {fileID: 0}
    - target: {fileID: 189490, guid: 46628851bff3fa341a13534728534ea3, type: 3}
      propertyPath: m_Layer
      value: 8
      objectReference: {fileID: 0}
    - target: {fileID: 189836, guid: 46628851bff3fa341a13534728534ea3, type: 3}
      propertyPath: m_Layer
      value: 8
      objectReference: {fileID: 0}
    - target: {fileID: 190112, guid: 46628851bff3fa341a13534728534ea3, type: 3}
      propertyPath: m_Layer
      value: 8
      objectReference: {fileID: 0}
    - target: {fileID: 190160, guid: 46628851bff3fa341a13534728534ea3, type: 3}
      propertyPath: m_Layer
      value: 8
      objectReference: {fileID: 0}
    - target: {fileID: 190508, guid: 46628851bff3fa341a13534728534ea3, type: 3}
      propertyPath: m_Layer
      value: 8
      objectReference: {fileID: 0}
    - target: {fileID: 190706, guid: 46628851bff3fa341a13534728534ea3, type: 3}
      propertyPath: m_Layer
      value: 8
      objectReference: {fileID: 0}
    - target: {fileID: 191354, guid: 46628851bff3fa341a13534728534ea3, type: 3}
      propertyPath: m_Layer
      value: 8
      objectReference: {fileID: 0}
    - target: {fileID: 192542, guid: 46628851bff3fa341a13534728534ea3, type: 3}
      propertyPath: m_Layer
      value: 8
      objectReference: {fileID: 0}
    - target: {fileID: 192676, guid: 46628851bff3fa341a13534728534ea3, type: 3}
      propertyPath: m_Layer
      value: 8
      objectReference: {fileID: 0}
    - target: {fileID: 193110, guid: 46628851bff3fa341a13534728534ea3, type: 3}
      propertyPath: m_Layer
      value: 8
      objectReference: {fileID: 0}
    - target: {fileID: 193118, guid: 46628851bff3fa341a13534728534ea3, type: 3}
      propertyPath: m_Layer
      value: 8
      objectReference: {fileID: 0}
    - target: {fileID: 194064, guid: 46628851bff3fa341a13534728534ea3, type: 3}
      propertyPath: m_Layer
      value: 8
      objectReference: {fileID: 0}
    - target: {fileID: 195348, guid: 46628851bff3fa341a13534728534ea3, type: 3}
      propertyPath: m_Layer
      value: 8
      objectReference: {fileID: 0}
    - target: {fileID: 195586, guid: 46628851bff3fa341a13534728534ea3, type: 3}
      propertyPath: m_Layer
      value: 8
      objectReference: {fileID: 0}
    - target: {fileID: 196982, guid: 46628851bff3fa341a13534728534ea3, type: 3}
      propertyPath: m_Layer
      value: 8
      objectReference: {fileID: 0}
    - target: {fileID: 197456, guid: 46628851bff3fa341a13534728534ea3, type: 3}
      propertyPath: m_Layer
      value: 8
      objectReference: {fileID: 0}
    - target: {fileID: 197888, guid: 46628851bff3fa341a13534728534ea3, type: 3}
      propertyPath: m_Layer
      value: 8
      objectReference: {fileID: 0}
    - target: {fileID: 198420, guid: 46628851bff3fa341a13534728534ea3, type: 3}
      propertyPath: m_Layer
      value: 8
      objectReference: {fileID: 0}
    - target: {fileID: 198532, guid: 46628851bff3fa341a13534728534ea3, type: 3}
      propertyPath: m_Layer
      value: 8
      objectReference: {fileID: 0}
    - target: {fileID: 199466, guid: 46628851bff3fa341a13534728534ea3, type: 3}
      propertyPath: m_Layer
      value: 8
      objectReference: {fileID: 0}
    - target: {fileID: 199642, guid: 46628851bff3fa341a13534728534ea3, type: 3}
      propertyPath: m_Layer
      value: 8
      objectReference: {fileID: 0}
    - target: {fileID: 479492, guid: 46628851bff3fa341a13534728534ea3, type: 3}
      propertyPath: m_LocalRotation.x
      value: 0
      objectReference: {fileID: 0}
    - target: {fileID: 479492, guid: 46628851bff3fa341a13534728534ea3, type: 3}
      propertyPath: m_LocalRotation.y
      value: 0
      objectReference: {fileID: 0}
    - target: {fileID: 479492, guid: 46628851bff3fa341a13534728534ea3, type: 3}
      propertyPath: m_LocalRotation.z
      value: 0
      objectReference: {fileID: 0}
    - target: {fileID: 479492, guid: 46628851bff3fa341a13534728534ea3, type: 3}
      propertyPath: m_LocalRotation.w
      value: 1
      objectReference: {fileID: 0}
    - target: {fileID: 479492, guid: 46628851bff3fa341a13534728534ea3, type: 3}
      propertyPath: m_RootOrder
      value: 0
      objectReference: {fileID: 0}
    - target: {fileID: 479492, guid: 46628851bff3fa341a13534728534ea3, type: 3}
      propertyPath: m_LocalEulerAnglesHint.x
      value: 0
      objectReference: {fileID: 0}
    - target: {fileID: 479492, guid: 46628851bff3fa341a13534728534ea3, type: 3}
      propertyPath: m_LocalEulerAnglesHint.y
      value: 0
      objectReference: {fileID: 0}
    - target: {fileID: 479492, guid: 46628851bff3fa341a13534728534ea3, type: 3}
      propertyPath: m_LocalEulerAnglesHint.z
      value: 0
      objectReference: {fileID: 0}
    - target: {fileID: 479492, guid: 46628851bff3fa341a13534728534ea3, type: 3}
      propertyPath: m_LocalScale.x
      value: 1.5
      objectReference: {fileID: 0}
    - target: {fileID: 479492, guid: 46628851bff3fa341a13534728534ea3, type: 3}
      propertyPath: m_LocalScale.y
      value: 1.5
      objectReference: {fileID: 0}
    - target: {fileID: 479492, guid: 46628851bff3fa341a13534728534ea3, type: 3}
      propertyPath: m_LocalScale.z
      value: 1.5
      objectReference: {fileID: 0}
    - target: {fileID: 2321792, guid: 46628851bff3fa341a13534728534ea3, type: 3}
      propertyPath: m_Materials.Array.data[0]
      value: 
      objectReference: {fileID: 2100000, guid: 792a4bad9e08b8e41bfbd3f0b8aac1ab, type: 2}
    - target: {fileID: 13735696, guid: 46628851bff3fa341a13534728534ea3, type: 3}
      propertyPath: m_Materials.Array.data[0]
      value: 
      objectReference: {fileID: 2100000, guid: 792a4bad9e08b8e41bfbd3f0b8aac1ab, type: 2}
    m_RemovedComponents: []
  m_SourcePrefab: {fileID: 100100000, guid: 46628851bff3fa341a13534728534ea3, type: 3}
--- !u!4 &8540745001012615238 stripped
Transform:
  m_CorrespondingSourceObject: {fileID: 479492, guid: 46628851bff3fa341a13534728534ea3,
    type: 3}
  m_PrefabInstance: {fileID: 8540745001012529474}
  m_PrefabAsset: {fileID: 0}
--- !u!95 &8540745001005075750 stripped
Animator:
  m_CorrespondingSourceObject: {fileID: 9585764, guid: 46628851bff3fa341a13534728534ea3,
    type: 3}
  m_PrefabInstance: {fileID: 8540745001012529474}
  m_PrefabAsset: {fileID: 0}
--- !u!137 &8540745001009290834 stripped
SkinnedMeshRenderer:
  m_CorrespondingSourceObject: {fileID: 13735696, guid: 46628851bff3fa341a13534728534ea3,
    type: 3}
  m_PrefabInstance: {fileID: 8540745001012529474}
  m_PrefabAsset: {fileID: 0}
--- !u!1 &8540745001012412092 stripped
GameObject:
  m_CorrespondingSourceObject: {fileID: 145406, guid: 46628851bff3fa341a13534728534ea3,
    type: 3}
  m_PrefabInstance: {fileID: 8540745001012529474}
  m_PrefabAsset: {fileID: 0}
--- !u!1 &8540745001012394332 stripped
GameObject:
  m_CorrespondingSourceObject: {fileID: 192542, guid: 46628851bff3fa341a13534728534ea3,
    type: 3}
  m_PrefabInstance: {fileID: 8540745001012529474}
  m_PrefabAsset: {fileID: 0}
--- !u!1 &8540745001012449382 stripped
GameObject:
  m_CorrespondingSourceObject: {fileID: 121124, guid: 46628851bff3fa341a13534728534ea3,
    type: 3}
  m_PrefabInstance: {fileID: 8540745001012529474}
  m_PrefabAsset: {fileID: 0}
--- !u!23 &8540745001014453442 stripped
MeshRenderer:
  m_CorrespondingSourceObject: {fileID: 2321792, guid: 46628851bff3fa341a13534728534ea3,
    type: 3}
  m_PrefabInstance: {fileID: 8540745001012529474}
  m_PrefabAsset: {fileID: 0}
--- !u!1 &8540745001012443406 stripped
GameObject:
  m_CorrespondingSourceObject: {fileID: 110668, guid: 46628851bff3fa341a13534728534ea3,
    type: 3}
  m_PrefabInstance: {fileID: 8540745001012529474}
  m_PrefabAsset: {fileID: 0}
